Workbook
Name _ftn1: 'Bolsa de Repuestos Polycom'!#REF!
Name _ftn1: 'Bolsa de Repuestos RadVision'!#REF!
Name _ftn2: 'Bolsa de Repuestos Polycom'!#REF!
Name _ftn2: 'Bolsa de Repuestos RadVision'!#REF!
Name _ftn3: 'Bolsa de Repuestos Polycom'!#REF!
Name _ftn3: 'Bolsa de Repuestos RadVision'!#REF!
Name _ftnref1: 'Bolsa de Repuestos Polycom'!#REF!
Name _ftnref1: 'Bolsa de Repuestos RadVision'!#REF!
Name _ftnref2: 'Bolsa de Repuestos Polycom'!#REF!
Name _ftnref2: 'Bolsa de Repuestos RadVision'!#REF!
Name _ftnref3: 'Bolsa de Repuestos Polycom'!#REF!
Name _ftnref3: 'Bolsa de Repuestos RadVision'!#REF!
Name Decision: [1]lista!$A$6:$A$7
Name Decision: [1]lista!$A$6:$A$7
Name Decision: [1]lista!$A$6:$A$7
Name Decision: [2]lista!$A$6:$A$7
Name Decision: [3]lista!$A$6:$A$7
Name PARTICIPACION: [1]lista!$A$15:$A$17
Name PARTICIPACION: [1]lista!$A$15:$A$17
Name PARTICIPACION: [1]lista!$A$15:$A$17
Name PARTICIPACION: [2]lista!$A$15:$A$17
Name PARTICIPACION: [3]lista!$A$15:$A$17
Name Procedencia: [1]lista!$A$2:$A$3
Name Procedencia: [1]lista!$A$2:$A$3
Name Procedencia: [1]lista!$A$2:$A$3
Name Procedencia: [2]lista!$A$2:$A$3
Name Procedencia: [3]lista!$A$2:$A$3
Name tipo: [1]lista!$A$11:$A$13
Name tipo: [1]lista!$A$11:$A$13
Name tipo: [1]lista!$A$11:$A$13
Name tipo: [2]lista!$A$11:$A$13
Name tipo: [3]lista!$A$11:$A$13
Name x: [4]lista!$A$11:$A$13
Name x: [4]lista!$A$11:$A$13
Name x: [4]lista!$A$11:$A$13
Name x: [5]lista!$A$11:$A$13

Sheet Mantenimiento
B10: FORMATO DE COTIZACIÓN SERVICIOS VIDEO CONFERENCIA - 1 DE 3
B12: Empresa | G12: Nit: | J12: Fecha:
B13: Contacto | G13: Cargo: | J13: Tel. celular:
B14: E-Mail: | G14: Dirección: | J14: Tel. fijo:
B16: Instrucciones para el diligenciamiento del formato de cotización
B17: • Por favor diligenciar solo las celdas en AMARILLO. • Revisar todos los requerimientos que se exponen en el documento "Ficha de Condiciones Técnicas Escenciales para la Prestación del Servicio y/o Entrega del Bien" (FCT) y Anexos; y formular su cotización en concordancia con este, garantizando que los bienes y/o servicios ofrecidos cumplan en su totalidad con las especificaciones técnicas descritas en la FCT. • Asignar precio sin incluir el IVA en las celdas de la columna "Valor unitario antes de IVA" y asignar la tarifa de IVA que corresponda en las celdas de la columna "Tarifa IVA%". • El valor de la cotización deber ser expresado en PESOS COLOMBIANOS. • Los valores unitarios deberán aproximarse por exceso o por defecto al entero más cercano. Si la cifra no está aproximada y aparece con centavos, el ICBF aproximará al entero inferior. • No modificar, agregar o quitar ningún ítem o sub-ítem.
B18: Notas: (1). El servicio de mantenimiento correctivo no incluye repuestos ni baterias, se deben cotizar de forma independiente en la hoja "Bolsa de Repuestos". (2) Se estima el plazo de ejecución en 5 meses, teniendo en cuenta el tiempo requerido para elaborar estudios previos y adelantar el proceso de selección. De igual forma se considera que en la FCT se establece el plazo de ejecución hasta el 31 de diciembre de 2015.
B20: Cuadro No 1: Tarifa visitas mantenimiento preventivo, evolutivo y correctivo
B21: Item | C21: Servicio | F21: Cantidad de visitas | G21: Tarifa IVA % | H21: Precio Unitario por visita Antes de IVA | I21: Precio Unitario por visita Incluido IVA | J21: Valor Total sin IVA | K21: Valor Total IVA incluido
B22: 1 | C22: Mantenimiento preventivo y evolutivo en sedes ubicadas en Bogotá | F22: 5 | I22: =+ROUND(H22*(1+G22),0) -> 0 | J22: =ROUND(H22*$F$22,0) -> 0 | K22: =ROUND(I22*F22,0) -> 0
B23: 2 | C23: Mantenimiento preventivo y evolutivo en sedes ubicadas fuera de Bogotá | F23: 28 | I23: =+ROUND(H23*(1+G23),0) -> 0 | J23: =ROUND(H23*$F$23,0) -> 0 | K23: =ROUND(I23*F23,0) -> 0
B24: 3 | C24: Mantenimiento correctivo en sedes ubicadas en Bogotá (Nota 1) | F24: 1 | I24: =+ROUND(H24*(1+G24),0) -> 0 | J24: =ROUND(H24*$F$24,0) -> 0 | K24: =ROUND(I24*F24,0) -> 0
B25: 4 | C25: Mantenimiento correctivo en sedes ubicadas fuera de Bogotá (Nota 1) | F25: 1 | I25: =+ROUND(H25*(1+G25),0) -> 0 | J25: =ROUND(H25*$F$25,0) -> 0 | K25: =ROUND(I25*F25,0) -> 0
B27: Cuadro No 2: Tarifa fija mensual Soporte Tecnico
B28: Item | C28: Servicio | F28: Cantidad en meses (Nota 2) | G28: Tarifa IVA % | H28: Valor mesual sin IVA | I28: Valor mensual IVA incluido | J28: Valor Total sin IVA (2) | K28: Valor Total IVA incluido (2)
B29: 5 | C29: Servicio Tecnico | F29: 5 | I29: =+ROUND(H29*(1+$G$29),0) -> 0 | J29: =ROUND(H29*$F$29,0) -> 0 | K29: =ROUND(I29*F29,0) -> 0
B31: La presente cotización:
B32: • Incluye todos los costos y gastos directos e indirectos en que debe incurrir el contratista durante la ejecución del contrato de acuerdo con las especificaciones de la Ficha de Condiciones Técnicas, las obligaciones tributarias de acuerdo con las normas aplicables para el tipo de servicio y contrato correspondiente, y los costos de las pólizas. • Se remite como parte del estudio de mercado, previo a la contratación, y no implica ninguna obligación de contratar. • Tiene una vigencia de 90 días a partir de la fecha de diligenciamiento.
B33: Inscripción en el Registro Único de Proponentes: Las personas naturales y jurídicas, nacionales o extranjeras, con domicilio en Colombia, interesadas en participar en procesos de contratación convocados por las entidades estatales, deben estar inscritas en el RUP, salvo las excepciones previstas de forma taxativa en la ley (Artículo 8 del Decreto 1510 de 2013). Se aclara que esta inscripción no se requiere para remitir cotización durante el estudio de mercado.

Sheet Bolsa de Repuestos Polycom
B8: FORMATO DE COTIZACIÓN REPUESTOS VIDEO CONFERENCIA - 2 DE 2
B10: Empresa | C10: =Mantenimiento!D12 -> 0 | D10: Nit: | E10: =Mantenimiento!H12 -> 0 | G10: Fecha: | H10: =Mantenimiento!K12 -> 0
B11: Contacto | C11: =Mantenimiento!D13 -> 0 | D11: Cargo: | E11: =Mantenimiento!H13 -> 0 | G11: Tel. celular: | H11: =Mantenimiento!K13 -> 0
B12: E-Mail: | C12: =Mantenimiento!D14 -> 0 | D12: Dirección: | E12: =Mantenimiento!H14 -> 0 | G12: Tel. fijo: | H12: =Mantenimiento!K14 -> 0
B14: Instrucciones para el diligenciamiento del formato de cotización
B15: • Por favor diligenciar solo las celdas en AMARILLO. • Revisar todos los requerimientos que se exponen en el documento "Ficha de Condiciones Técnicas Escenciales para la Prestación del Servicio y/o Entrega del Bien" (FCT) y Anexos; y formular su cotización en concordancia con este, garantizando que los bienes y/o servicios ofrecidos cumplan en su totalidad con las especificaciones técnicas descritas en la FCT. • Asignar precio sin incluir el IVA en las celdas de la columna "Valor unitario antes de IVA" y asignar la tarifa de IVA que corresponda en las celdas de la columna "Tarifa IVA%". • El valor de la cotización deber ser expresado en PESOS COLOMBIANOS. • Los valores unitarios deberán aproximarse por exceso o por defecto al entero más cercano. Si la cifra no está aproximada y aparece con centavos, el ICBF aproximará al entero inferior. • No modificar, agregar o quitar ningún ítem o sub-ítem.
B16: Notas: (1). El precio unitario de los repuestos incluye transporte. (2). En las filas al de los ítems 15 en adelante se pueden incluir otros repuestos que considere sean necesarios para el mantenimiento correctivo y que no esten incluidos en la presente lista, agregando las filas que sean necesarias, incluyendo la tarifa IVA y el valor unitario sin IVA de cada uno de los repuestos. La Entidad decidirá si los incluye o no en el listado definitivo.
B18: Item | C18: EQUIPO (Nota 2) | D18: TIPO (Nota 2) | E18: MARCA (Nota 2) | F18: Tarifa IVA% | G18: Precio unitario sin IVA | H18: Precio unitario IVA incluido
B19: 1 | C19: Mic Array | D19: Microfono | E19: Polycom | H19: =+ROUND(G19*(1+F19),0) -> 0
B20: 2 | C20: Universal Remote | D20: Control Remoto | E20: Polycom | H20: =+ROUND(G20*(1+F20),0) -> 0
B21: 3 | C21: Hdmi 1.8m | D21: Cable | E21: Universal | H21: =+ROUND(G21*(1+F21),0) -> 0
B22: 4 | C22: Cat 5e Lan 3.6m | D22: Cable | E22: Polycom | H22: =+ROUND(G22*(1+F22),0) -> 0
B23: 5 | C23: Hdci Analog 3m | D23: Cable | E23: Polycom | H23: =+ROUND(G23*(1+F23),0) -> 0
B24: 6 | C24: Mic Array Cable | D24: Cable | E24: Polycom | H24: =+ROUND(G24*(1+F24),0) -> 0
B25: 7 | C25: Adaptador | D25: Adaptador | E25: Fsp Group | H25: =+ROUND(G25*(1+F25),0) -> 0
B26: 8 | C26: Power | D26: Cable | E26: Polycom | H26: =+ROUND(G26*(1+F26),0) -> 0
B27: 9 | C27: RealPresence Group 500 Hd Codec | D27: Codec | E27: Polycom | H27: =+ROUND(G27*(1+F27),0) -> 0
B28: 10 | C28: Eagle Eye Iii Camera | D28: Camara | E28: Polycom | H28: =+ROUND(G28*(1+F28),0) -> 0
B29: 11 | C29: Ceiling Microphone Array-white "primary" | D29: Microfono | E29: Polycom | H29: =+ROUND(G29*(1+F29),0) -> 0
B30: 12 | C30: Amplificador Mezclador 120w | D30: Amplificador | E30: Yamaki | H30: =+ROUND(G30*(1+F30),0) -> 0
B31: 13 | C31: Bafle Yamaki Blanco | D31: Bafle | E31: Yamaki | H31: =+ROUND(G31*(1+F31),0) -> 0
B32: 14 | H32: =+ROUND(G32*(1+F32),0) -> 0
B33: 15 | H33: =+ROUND(G33*(1+F33),0) -> 0
B34: 16 | H34: =+ROUND(G34*(1+F34),0) -> 0
B35: 17 | H35: =+ROUND(G35*(1+F35),0) -> 0
B36: 18 | H36: =+ROUND(G36*(1+F36),0) -> 0
B37: 19 | H37: =+ROUND(G37*(1+F37),0) -> 0
B38: 20 | H38: =+ROUND(G38*(1+F38),0) -> 0
B39: 21 | H39: =+ROUND(G39*(1+F39),0) -> 0
B40: 22 | H40: =+ROUND(G40*(1+F40),0) -> 0
B42: La presente cotización:
B43: • Incluye todos los costos y gastos directos e indirectos en que debe incurrir el contratista durante la ejecución del contrato de acuerdo con las especificaciones de la Ficha de Condiciones Técnicas, las obligaciones tributarias de acuerdo con las normas aplicables para el tipo de servicio y contrato correspondiente, y los costos de las pólizas. • Se remite como parte del estudio de mercado, previo a la contratación, y no implica ninguna obligación de contratar. • Tiene una vigencia de 90 días a partir de la fecha de diligenciamiento.
B44: Inscripción en el Registro Único de Proponentes: Las personas naturales y jurídicas, nacionales o extranjeras, con domicilio en Colombia, interesadas en participar en procesos de contratación convocados por las entidades estatales, deben estar inscritas en el RUP, salvo las excepciones previstas de forma taxativa en la ley (Artículo 8 del Decreto 1510 de 2013). Se aclara que esta inscripción no se requiere para remitir cotización durante el estudio de mercado.

Sheet Bolsa de Repuestos RadVision
B8: FORMATO DE COTIZACIÓN REPUESTOS VIDEO CONFERENCIA - 2 DE 2
B10: Empresa | C10: =Mantenimiento!D12 -> 0 | D10: Nit: | E10: =Mantenimiento!H12 -> 0 | G10: Fecha: | H10: =Mantenimiento!K12 -> 0
B11: Contacto | C11: =Mantenimiento!D13 -> 0 | D11: Cargo: | E11: =Mantenimiento!H13 -> 0 | G11: Tel. celular: | H11: =Mantenimiento!K13 -> 0
B12: E-Mail: | C12: =Mantenimiento!D14 -> 0 | D12: Dirección: | E12: =Mantenimiento!H14 -> 0 | G12: Tel. fijo: | H12: =Mantenimiento!K14 -> 0
B14: Instrucciones para el diligenciamiento del formato de cotización
B15: • Por favor diligenciar solo las celdas en AMARILLO. • Revisar todos los requerimientos que se exponen en el documento "Ficha de Condiciones Técnicas Escenciales para la Prestación del Servicio y/o Entrega del Bien" (FCT) y Anexos; y formular su cotización en concordancia con este, garantizando que los bienes y/o servicios ofrecidos cumplan en su totalidad con las especificaciones técnicas descritas en la FCT. • Asignar precio sin incluir el IVA en las celdas de la columna "Valor unitario antes de IVA" y asignar la tarifa de IVA que corresponda en las celdas de la columna "Tarifa IVA%". • El valor de la cotización deber ser expresado en PESOS COLOMBIANOS. • Los valores unitarios deberán aproximarse por exceso o por defecto al entero más cercano. Si la cifra no está aproximada y aparece con centavos, el ICBF aproximará al entero inferior. • No modificar, agregar o quitar ningún ítem o sub-ítem.
B16: Notas: (1). El precio unitario de los repuestos incluye transporte. (2). En las filas al de los ítems 15 en adelante se pueden incluir otros repuestos que considere sean necesarios para el mantenimiento correctivo y que no esten incluidos en la presente lista, agregando las filas que sean necesarias, incluyendo la tarifa IVA y el valor unitario sin IVA de cada uno de los repuestos. La Entidad decidirá si los incluye o no en el listado definitivo.
B18: Item | C18: EQUIPO (Nota 2) | D18: TIPO (Nota 2) | E18: MARCA (Nota 2) | F18: Tarifa IVA% | G18: Precio unitario sin IVA | H18: Precio unitario IVA incluido
B19: 1 | C19: Mic Array | D19: Microfono | E19: Radvision | H19: =+ROUND(G19*(1+F19),0) -> 0
B20: 2 | C20: Universal Remote | D20: Control Remoto | E20: Radvision | H20: =+ROUND(G20*(1+F20),0) -> 0
B21: 3 | C21: Cat 5e Lan 3.6m | D21: Cable | E21: Radvision | H21: =+ROUND(G21*(1+F21),0) -> 0
B22: 4 | C22: Hdci Analog 3m | D22: Cable | E22: Radvision | H22: =+ROUND(G22*(1+F22),0) -> 0
B23: 5 | C23: Mic Array Cable | D23: Cable | E23: Radvision | H23: =+ROUND(G23*(1+F23),0) -> 0
B24: 6 | C24: Adaptador | D24: Adaptador | E24: Ravdision | H24: =+ROUND(G24*(1+F24),0) -> 0
B25: 7 | C25: Power | D25: Cable | E25: Radvision | H25: =+ROUND(G25*(1+F25),0) -> 0
B26: 8 | C26: Lamparas Video Beam | D26: Video Beam | E26: NEC NP – 905 | H26: =+ROUND(G26*(1+F26),0) -> 0
B27: 9 | C27: Códec XT100 | D27: Codec | E27: Radvision | H27: =+ROUND(G27*(1+F27),0) -> 0
B28: 10 | C28: Camera XT1000 | D28: Camara | E28: Radvision | H28: =+ROUND(G28*(1+F28),0) -> 0
B29: 11 | C29: XT1000 | D29: Microfono | E29: Radvision | H29: =+ROUND(G29*(1+F29),0) -> 0
B30: 12 | H30: =+ROUND(G30*(1+F30),0) -> 0
B31: 13 | H31: =+ROUND(G31*(1+F31),0) -> 0
B32: 14 | H32: =+ROUND(G32*(1+F32),0) -> 0
B33: 15 | H33: =+ROUND(G33*(1+F33),0) -> 0
B34: 16 | H34: =+ROUND(G34*(1+F34),0) -> 0
B35: 17 | H35: =+ROUND(G35*(1+F35),0) -> 0
B36: 18 | H36: =+ROUND(G36*(1+F36),0) -> 0
B37: 19 | H37: =+ROUND(G37*(1+F37),0) -> 0
B38: 20 | H38: =+ROUND(G38*(1+F38),0) -> 0
B40: La presente cotización:
B41: • Incluye todos los costos y gastos directos e indirectos en que debe incurrir el contratista durante la ejecución del contrato de acuerdo con las especificaciones de la Ficha de Condiciones Técnicas, las obligaciones tributarias de acuerdo con las normas aplicables para el tipo de servicio y contrato correspondiente, y los costos de las pólizas. • Se remite como parte del estudio de mercado, previo a la contratación, y no implica ninguna obligación de contratar. • Tiene una vigencia de 90 días a partir de la fecha de diligenciamiento.
B42: Inscripción en el Registro Único de Proponentes: Las personas naturales y jurídicas, nacionales o extranjeras, con domicilio en Colombia, interesadas en participar en procesos de contratación convocados por las entidades estatales, deben estar inscritas en el RUP, salvo las excepciones previstas de forma taxativa en la ley (Artículo 8 del Decreto 1510 de 2013). Se aclara que esta inscripción no se requiere para remitir cotización durante el estudio de mercado.

Sheet INFO GENERAL Y FINANCIERA
B8: Formato Información General Y Financiera De Proveedores
B10: Ciudad | R10: Fecha Dd/mm/aa | AA10: Persona Natural
AA11: Persona Jurídica
B12: 1. Información General
B13: 1.1. Identificación.
B14: Personas naturales | I14: Nombre Comercial | AF14: Cédula
B16: Personas jurídicas | I16: Razón Social | AF16: DV
B18: Dirección | AA18: Fax | AF18: Ciudad
B20: Pagina Web | AA20: Sector al que pertenece
B22: 1.2. Personas De Contacto
B23: Gerente General | P23: E-mail | AA23: Ext. | AF23: Celular
B25: Director Comercial | P25: E-mail | AA25: Ext. | AF25: Celular
B27: Asesor Comercial | P27: E-mail | AA27: Ext. | AF27: Celular
B29: 1.3. Productos Y Servicios Inscritos En El Rup De Acuerdo Con El Unspsc
B30: Incluir Listado Con Breve Descripción De Los Productos Y/o Servicios Que Ofrece La Compañía, Registrados En El Rup (agregue Las Filas Necesarias) | AF30: Código de Naciones Unidas
B36: 1.4. Códigos CIIU | AF36: 1.5. Número De Empleados
B37: Código De Actividad | I37: Descripción Actividad Económica CIIU | AA37: Tarifa ICA
B41: 2. Información Financiera
B42: Nombre Del Indicador | O42: Cuenta | W42: Valores En Pesos a Diciembre 31 De 2014 | AE42: Indicador | AI42: Veces- Porcentaje
B43: Capacidad Financiera | E43: índice De Liquidez | O43: Activo Corriente --> | AE43: =+IFERROR(W43/W44,0) -> 0 | AI43: Veces
O44: Pasivo Corriente -->
E45: Índice De Endeudamiento | O45: Pasivo Total--> | AE45: =+IFERROR(W45/W46,0) -> 0 | AI45: Porcentaje
O46: Activo Total-->
E47: Razón De Cobertura De Intereses | O47: Utilidad Operacional--> | AE47: =+IFERROR(W47/W48,0) -> 0 | AI47: Veces
O48: Gastos De Interés-->
E49: Capital de Trabajo | O49: Activo Corriente--> | AE49: =+W49-W50 -> 0 | AI49: Pesos
O50: Pasivo corriente-->
B51: Capacidad Organizacional | E51: Rentabilidad Del Patrimonio | O51: Utilidad Operacional--> | AE51: =+IFERROR(W51/W52,0) -> 0 | AI51: Porcentaje
O52: Patrimonio-->
E53: Rentabilidad Del Activo | O53: Utilidad Operacional--> | AE53: =+IFERROR(W53/W54,0) -> 0 | AI53: Porcentaje
O54: Activo Total-->
B55: Nota: Para las empresas inspeccionadas, vigiladas o controladas por la Supersociedades, la información consignada en este numeral será validada con la reportada a la Supersociedades y disponible para consulta en Internet mediante el Sistema de Información y Riesgo Empresarial de la Supersociedades (SIREM). Si se evidencian diferencias en los valores consignados en este formato y los reportados a la Supersociedades se tomará como referencia la información del SIREM.
B56: Otra información relevante de la empresa (consigne en este espacio otra información que considere de interés)

Sheet INFO EXPERIENCIA
B9: EXPERIENCIA EN CONTRATACIÓN EN LOS ÚLTIMOS 5 AÑOS | AU9: Si
AU10: No
B11: Empresa: | C11: =Mantenimiento!D12 -> 0 | G11: Nit: | H11: =Mantenimiento!H12 -> 0 | K11: Fecha: | L11: =Mantenimiento!K12 -> 0
B12: Contacto: | C12: =Mantenimiento!D13 -> 0 | G12: Cargo: | H12: =Mantenimiento!H13 -> 0 | K12: Tel. celular: | L12: =Mantenimiento!K13 -> 0
B13: E-Mail: | C13: =Mantenimiento!D14 -> 0 | G13: Dirección: | H13: =Mantenimiento!H14 -> 0 | K13: Tel. fijo: | L13: =Mantenimiento!K14 -> 0
B15: Con el fin de conocer la experiencia con la que cuentan las empresas del sector relacionada con el objeto del presente estudio de mercado, agradecemos diligenciar el cuadro que sigue con base en los contratos suscritos en los últimos 5 años, cuyos objetos están relacionados con el objeto del presente estudio de mercado
B17: Tipo de entidad | C17: Entidad o Empresa | D17: Numero del contrato | E17: Objeto del contrato | F17: Fecha de suscripción (dd/mmm/aa) | G17: Plazo de ejecución (en años) | H17: Forma de participación (UT, consorcio, individual) | I17: % de participación | J17: Valor total ejecutado del contrato (de acuerdo con el % de participación) | K17: El contrato incluía mantenimiento de equipos de Videoconferencia? | L17: Cantidad de sedes en las cuales se realizo el mantenimiento | M17: Cantidad de equipos sobre las cuales se realizó mantenimiento
B30: Nota: Agregar las filas necesarias para reportar la experiencia

Sheet POLIZAS
B8: CONCEPTOS A TENER EN CUENTA
B11: El presente cuadro es de carácter informativo, no se debe diligenciar. Sin embargo se entiende que la cotización incluye la totalidad de los conceptos relacionados a continuación.
B13: PÓLIZAS PARA LEGALIZACIÓN DEL CONTRATO
B15: CONCEPTO | D15: COBERTURA | E15: PLAZO (En Meses)
B16: Garantía de Seriedad de la oferta | D16: 0.1 | E16: Plazo de Ejecución
B17: Cumplimiento | D17: 0.2 | E17: Plazo de ejecución + 4 meses mas
B18: Salarios, Prestaciones | D18: 0.1 | E18: Plazo de ejecución + 36 meses mas
B19: Calidad de los Servicios | D19: 0.2 | E19: Plazo de ejecución + 4 meses mas
B20: Responsabilidad civil extracontractual | D20: 0.1 | E20: Plazo de Ejecución
B21: Cobertura: Corresponde al porcentaje del valor total del contrato a amparar.
